Map: Port Aleksander LE

Players

Cham - Winner!

  • Race: Zerg Zerg
  • League: Master
  • Spawn Location: 5:00

Probe

  • Race: Protoss Protoss
  • League: Master
  • Spawn Location: 11:00

Event: 2019 WCS Winter Americas

VOD

Have the link to the VOD?

Description

Time

  • Played on: March 24, 2019, 1:45 p.m.
  • Length: 6:53

All games in this series

Show
View Real Time Build Order
Export as new Build Order

Cham Zerg - Winner!

Build Orders: Hatch First, Ravager All-In 

Get SALT Encoding   

  12  0:00  Drone  
  13  0:07  Drone  
  14  0:17  Overlord  
  14  0:35  Drone x2  
  16  0:48  Hatchery  
  15  0:52  Drone  
  16  0:57  Drone  
  16  1:01  Drone  
  18  1:12  Extractor  
  18  1:15  Spawning Pool  
  16  1:19  Drone  
  16  1:22  Drone  
  18  1:33  Drone  
  19  1:44  Drone  
  20  1:51  Drone  
  22  2:08  Hatchery  
  22  2:11  Overlord  
  21  2:19  Overlord  
  21  2:29  Queen  
  23  2:31  Zergling x2  
  24  2:45  Drone  
  24  2:48  Spine Crawler  
  24  2:56  Metabolic Boost  
  24  2:57  Extractor, Hatchery  
  24  2:58  Drone x2  
  24  3:10  Drone, Roach Warren  
  24  3:17  Overlord  
  24  3:44  Zergling x8  
  28  3:52  Roach  
  28  3:53  Roach x3  
  36  4:05  Roach  
  36  4:06  Roach  
  40  4:12  Overlord  
  42  4:19  Roach  
  42  4:25  Roach  
  42  4:38  Zergling x8  
  44  4:45  Ravager x4  
  50  4:47  Zergling x4  
  50  4:51  Overlord  
  53  4:52  Zergling x2  
  53  4:55  Zergling x2  
  53  4:57  Ravager  
  53  4:59  Zergling x2  
  56  5:04  Zergling x2  
  57  5:10  Zergling x4  
  59  5:21  Ravager  
  60  5:26  Zergling x2  
  60  5:27  Overlord, Ravager  
  62  5:33  Ravager  
  62  5:34  Zergling x2  
  64  5:36  Zergling x2  
  58  5:54  Zergling x2  
  58  5:55  Zergling x10  
  48  6:04  Zergling x6  
Show
View Real Time Build Order
Export as new Build Order

Probe Protoss 

Build Orders:  

Get SALT Encoding   

  12  0:01  Probe  
  13  0:13  Probe  
  14  0:20  Pylon  
  14  0:25  Probe  
  15  0:29  Assimilator  
  15  0:34  Probe  
  15  0:42  Probe  
  17  0:52  Probe  
  17  0:53  Gateway  
  18  1:02  Forge  
  18  1:04  Probe  
  19  1:17  Probe  
  20  1:28  Pylon  
  20  1:29  Probe  
  21  1:36  Pylon  
  21  1:37  Pylon  
  21  1:47  Photon Cannon  
  21  1:57  Photon Cannon  
  21  2:02  Photon Cannon, Probe  
  22  2:09  Cybernetics Core  
  22  2:10  Probe  
  23  2:19  Probe  
  23  2:28  Assimilator  
  24  2:32  Probe  
  25  2:44  Probe  
  26  2:47  Robotics Facility  
  26  2:48  Warp Gate, Adept  
  28  3:20  Adept  
  28  3:26  Immortal  
  30  3:28  Nexus  
  34  3:44  Pylon  
  34  3:54  Pylon  
  34  4:02  Gateway  
  33  4:09  Shield Battery  
  33  4:15  Immortal  
  37  4:37  Sentry  
  39  4:39  Probe  
  39  4:41  Probe  
  41  4:49  Immortal  
  41  4:51  Probe  
  42  4:53  Pylon, Probe  
  47  5:12  Stalker  
  47  5:22  Stalker  
  51  5:36  Pylon  
  51  5:41  Shield Battery  
Tags
 
Add a new tag
Caveats
  • Supply blocks, unpowered buildings, or Contaminate may cause inaccurate times.
  • Supply counts are checked every 10 seconds.